 Dungeon Crawl Stone Soup version 0.27.1-33-g824d729ab1 (webtiles) character file.

Game seed: 8792302527178534794

4184 zeram the Blocker (level 10, 0/60 (63) HPs)
             Began as an Octopode Fighter on Dec 25, 2021.
             Was an Initiate of Gozag.
             Slain by an orc warrior (7 damage)
             ... on level 8 of the Dungeon.
             The game lasted 00:16:56 (12172 turns).

zeram the Blocker (Octopode Fighter)               Turns: 12172, Time: 00:16:57

HP:   0/60 (63)     AC:  3    Str: 16    XL:     10   Next: 29%
MP:   10/10         EV: 13    Int: 13    God:    Gozag
Gold: 919           SH: 13    Dex: 12    Spells: 9/9 levels left

rFire    . . .     SeeInvis .   n - +2 dagger (vamp)
rCold    . . .     Faith    .   b - +0 kite shield
rNeg     . . .     Spirit   .   (helmet restricted)
rPois    .         Reflect  .   g - amulet of the acrobat
rElec    .         Harm     .   f - ring of willpower
rCorr    .         Rampage  .   i - ring of flight
Will     +....                  (no ring)
Stlth    +++.......             (no ring)
HPRegen  0.20/turn              (no ring)
MPRegen  0.12/turn              (no ring)
                                (no ring)
                                (no ring)

@: flying, lightly drained
A: almost no armour, amphibious, 8 rings, camouflage 1, gelatinous body 1,
(nimble swimmer 1), tentacles, iridescent scales 1, screaming 1
a: Renounce Religion, Potion Petition, Call Merchant, Bribe Branch


You were on level 8 of the Dungeon.
You worshipped Gozag.
Gozag was pleased with you.
You visited 2 branches of the dungeon, and saw 9 of its levels.

You collected 969 gold pieces.
You paid 50 gold pieces to Gozag.

Inventory:

Hand Weapons
 a - a +0 rapier of freezing
 n - a +2 vampiric dagger (weapon)
 q - a +3 dagger of protection
Missiles
 d - 222 stones (quivered)
Armour
 b - a +0 kite shield (worn)
Jewellery
 f - a ring of willpower (left tentacle)
 g - an amulet of the acrobat (around mantle)
 i - a ring of flight (right tentacle)
Wands
 c - a wand of flame (16)
 k - a wand of iceblast (5)
 o - a wand of acid (2)
 t - a wand of mindburst (29)
Scrolls
 e - 2 scrolls of fog
 j - 5 scrolls of teleportation
 l - a scroll of torment
 p - 2 scrolls of amnesia
 s - a scroll of noise {unknown}
 v - a scroll of identify
Potions
 m - a potion of flight
 r - a potion of invisibility {unknown}
 u - a potion of lignification {unknown}


   Skills:
 - Level 3.0 Fighting
 - Level 2.0 Short Blades
 - Level 3.0 Dodging
 + Level 3.2 Stealth
 + Level 14.0 Shields
 - Level 1.2 Evocations


You had 9 spell levels left.
You didn't know any spells.
Your spell library contained the following spells:

 Spells                   Type           Power      Damage    Failure   Level
 Sublimation of Blood     Necr           0%         N/A       45%         2
 Frozen Ramparts          Ice            0%         1d2       71%         3
 Gell's Gravitas          Tloc           0%         N/A       71%         3
 Teleport Other           Tloc           0%         N/A       71%         3
 Ice Form                 Ice/Tmut       0%         N/A       98%         4
 Petrify                  Tmut/Erth      0%         N/A       98%         4
 Summon Ice Beast         Ice/Summ       0%         N/A       98%         4
 Irradiate                Conj/Tmut      0%         3d13      100%        5
 Dispersal                Tloc           0%         N/A       100%        6


Dungeon Overview and Level Annotations

Branches:
Dungeon (8/15)             Temple (1/1) D:4
   Lair: D:8-11

Altars:
Ashenzari
Cheibriados
Elyvilon
Gozag
Hepliaklqana
Kikubaaqudgha
Makhleb
Nemelex Xobeh
Ru
Uskayaw
Vehumet
Xom
Yredelemnul
Zin
The Shining One

Shops:
D:5 (


Innate Abilities, Weirdness & Mutations

You cannot wear most types of armour.
You are amphibious.
You can wear up to eight rings at the same time.
Your skin changes colour to match your surroundings (Stealth+).
Your rubbery body absorbs attacks. (AC +1, EV +1)
((You are camouflaged near water. (Stealth+)))
You have tentacles for arms and can constrict up to eight enemies at once.
You are partially covered in iridescent scales. (AC +2)
You occasionally shout uncontrollably at your foes.


Message History

The steam dragon bites you! The steam dragon misses you.
You hit the steam dragon but do no damage.
You squeeze the steam dragon, but do no damage.
The steam dragon is moderately wounded.
The bullfrog is engulfed in a cloud of scalding steam.
You block the bullfrog's attack.
You hit the steam dragon.
You feel better.
You squeeze the steam dragon.
The steam dragon is heavily wounded.
The steam dragon barely misses you. You block the steam dragon's attack.
The bullfrog is engulfed in a cloud of scalding steam.
The bullfrog closely misses you.
The centaur shoots an arrow.
The arrow closely misses you.
Unknown command.
You feel better. The bullfrog closely misses you.
The steam dragon breathes steam at you. The ball of steam misses you.
The centaur shoots an arrow.
The arrow closely misses you. The bullfrog hits you.
As you read the scroll of teleportation, it crumbles to dust.
You feel strangely unstable.
You are engulfed in a cloud of scalding steam.
The centaur shoots an arrow.
The arrow closely misses you. You block the steam dragon's attack.
The steam dragon closely misses you. The bullfrog hits you.
The centaur shoots an arrow.
You block the arrow.
You are engulfed in a cloud of scalding steam.
* * * LOW HITPOINT WARNING * * *
The bullfrog is engulfed in a cloud of scalding steam.
The steam dragon breathes steam at you. The ball of steam misses you.
The bullfrog barely misses you.
Your surroundings suddenly seem different.
An orc warrior comes into view.
It is wielding a +2 dire flail of draining.
Found a leather armour and a scroll of amnesia.
The helpless orc warrior fails to defend itself.
You puncture the orc warrior!
You feel better.
Your grab misses the orc warrior.
The orc warrior is heavily wounded.
The orc warrior hits you with a +2 dire flail of draining!!
* * * LOW HITPOINT WARNING * * *
You feel drained.
You die...
Your body crumbles into a pile of gold.

..?.. ...#.
#..... ##
#.....# .
#..#...#.##
#....#..#.###
#.##########
#.......#o[#
#...........
#.......@#
#######.....
#..#.#####
#.###. ..
##.###. #..
###..#... #.
#...##... #
#........
##..####..
###..## #.>#
#....# #..##


You could see an orc warrior.

Vanquished Creatures
  Maggie (D:6)
  Grum (D:7)
  2 vampire mosquitoes (D:7)
  2 water moccasins
  3 orc warriors
  2 sky beasts
  A necrophage (D:6)
  An ice beast (D:5)
  2 black bears (D:7)
  6 ogres
  3 wolves (D:7)
  2 centaurs
  2 phantoms
  A bullfrog (D:6)
  2 gnoll sergeants
  4 scorpions
  A water moccasin zombie (D:6)
  A water moccasin skeleton (D:6)
  3 killer bees (D:6)
  4 jellies
  2 orc priests (D:5)
  2 bullfrog skeletons (D:4)
  2 iguanas (D:4)
  9 orc wizards
  A hound skeleton (D:4)
  7 gnolls
  6 adders
  A shadow imp (D:7)
  An adder skeleton (D:5)
  2 dart slugs
  32 orcs
  3 ball pythons
  3 bats
  6 endoplasms
  3 giant cockroaches
  4 goblins
  8 hobgoblins
  5 jackals
  2 quokkas (D:2)
  A frilled lizard (D:1)
  6 kobolds
  4 rats
154 creatures vanquished.

Vanquished Creatures (others)
  2 plants (D:2)
2 creatures vanquished.

Grand Total: 156 creatures vanquished

Notes
Turn   | Place    | Note
-------+----------+-------------------------------------------
     0 | D:1      | zeram the Octopode Fighter began the quest for the Orb.
     0 | D:1      | Reached XP level 1. HP: 16/16 MP: 1/1
   162 | D:1      | Reached XP level 2. HP: 20/21 MP: 2/2
   282 | D:1      | Noticed a floating eye
   284 | D:1      | Found a faded altar of an unknown god.
   288 | D:1      | Noticed a floating eye
   295 | D:1      | Noticed a shining eye
   300 | D:1      | Noticed a shining eye
   644 | D:2      | Reached skill level 4 in Shields
   742 | D:2      | Reached XP level 3. HP: 26/26 MP: 3/3
  1776 | D:2      | Reached XP level 4. HP: 28/31 MP: 4/4
  1815 | D:2      | Reached skill level 5 in Shields
  2807 | D:3      | Reached XP level 5. HP: 21/36 MP: 5/5
  3039 | D:4      | Reached skill level 6 in Shields
  3379 | D:3      | Reached XP level 6. HP: 32/42 MP: 6/6
  3684 | D:4      | Found a staircase to the Ecumenical Temple.
  3695 | D:4      | Reached skill level 7 in Shields
  4345 | D:4      | Found a shimmering altar of Xom.
  4349 | D:4      | Reached XP level 7. HP: 44/46 MP: 7/7
  4719 | Temple   | Entered the Ecumenical Temple
  4862 | Temple   | Became a worshipper of Gozag Ym Sagoz the Greedy
  4892 | D:5      | Entered Level 5 of the Dungeon
  4957 | D:5      | Reached skill level 8 in Shields
  5862 | D:5      | Found Qynkuwauhi's Weapon Shoppe.
  5869 | D:5      | Reached skill level 9 in Shields
  5904 | D:5      | Reached XP level 8. HP: 42/52 MP: 8/8
  6220 | D:4      | Reached skill level 10 in Shields
  6403 | D:5      | Found a sparkling altar of Nemelex Xobeh.
  7236 | D:6      | Reached skill level 11 in Shields
  8028 | D:6      | Reached XP level 9. HP: 52/56 MP: 9/9
  8805 | D:6      | Reached skill level 12 in Shields
  8976 | D:6      | Noticed Maggie
  8998 | D:6      | Killed Maggie
  8999 | D:6      | Reached skill level 1 in Evocations
  9393 | D:6      | Found a broken altar of Ashenzari.
 10565 | D:7      | Reached skill level 1 in Stealth
 10669 | D:7      | Reached skill level 13 in Shields
 10924 | D:7      | Reached XP level 10. HP: 57/63 MP: 10/10
 11421 | D:8      | Noticed Grum
 11438 | D:7      | Killed Grum
 11605 | D:7      | Gained mutation: You are partially covered in iridescent
                  | scales. (AC +2) [potion of mutation]
 11605 | D:7      | Gained mutation: You occasionally shout uncontrollably at
                  | your foes. [potion of mutation]
 11834 | D:7      | Reached skill level 14 in Shields
 12163 | D:8      | Identified the +0 robe "Luohiqah" {Dex+6}
 12172 | D:8      | Slain by an orc warrior

Illustrated notes

Levels and vault maps discovered:
D:1:      dpeg_arrival_arbitrary_a, layout_rooms,
          hellmonk_ecumenical_altar_watching_god
D:2:      layout_loops_ring, serial_bayou, serial_bayou_pond_c,
          serial_bayou_crossing, serial_bayou_shore_a, serial_bayou_pond_a,
          kennysheep_generic_room_5
D:3:      layout_basic, mainiacjoe_overflow_six_doors_small,
          nicolae_qazlal_style_of_elements
D:4:      layout_basic, lemuel_coloured_pillars_altar, minmay_temple_entry_tees
D:5:      layout_loops_ring, nemelex_xobeh_ov_fountains_minmay, serial_shops,
          shop, serial_glass, glass_columns_b, glass_columns_a, hex_medium,
          kennysheep_generic_room_4
D:6:      layout_gridville, marbit_many_paths, hangedman_decor_lopped,
          uniq_maggie
D:7:      black_bear_nest_1, layout_basic
D:8:      layout_rooms, kennysheep_mini, nicolae_sif_muna_little_library,
          dk_noncrumbling_3, minmay_increasing_density, uniq_grum
Temple:   minmay_temple_bridge_abc

Skill      XL: |  1  2  3  4  5  6  7  8  9 10 |
---------------+-------------------------------+-----
Shields        | 4 5 6 7 9 11 13 14 | 14.0
Evocations     | 1 |  1.2
Stealth        | 2 3 |  3.2
Fighting       | |  3.0
Short Blades   | |  2.0
Dodging        | |  3.0

Action                   |  1- 3 |  4- 6 |  7- 9 | 10-12 || total
-------------------------+-------+-------+-------+-------++-------
Melee: Rapier            |    62 |    90 |    85 |       ||   237
       Tentacles         |    15 |    12 |    83 |     9 ||   119
       Constrict         |    16 |    22 |    45 |     5 ||    88
       Dagger            |       |       |   311 |    61 ||   372
Throw: Stone             |       |       |     4 |       ||     4
Evoke: Wand              |       |       |    10 |     4 ||    14
  Use: Scroll            |     4 |       |    12 |     1 ||    17
       Potion            |     1 |       |     3 |     2 ||     6
 Stab: Sleeping          |     2 |     3 |     8 |     2 ||    15
       Distracted        |       |     2 |       |       ||     2
Armor: Skin              |     6 |     4 |    69 |     4 ||    83
Dodge: Dodged            |    24 |    47 |   174 |    50 ||   295
Block: Kite shield       |    28 |    55 |   231 |    51 ||   365
